Map: Abyssal Reef LE

Players

tothemax

  • Race: Zerg Zerg
  • Spawn Location: 11:00

A.I. 1 (Hard) - Winner!

  • Race: Terran Terran
  • Spawn Location: 5:00

VOD

Have the link to the VOD?

Description

Time

  • Played on: June 2, 2017, 4:07 p.m.
  • Length: 4:51
Show
View Real Time Build Order
Export as new Build Order

tothemax Zerg 

Build Orders: Hatch First 

Get SALT Encoding   

  6  0:01  Drone  
  13  0:24  Overlord  
  13  0:31  Drone  
  14  0:49  Drone x2  
  16  0:55  Drone  
  17  1:22  Unknown, Hatchery  
  17  1:27  Drone  
  17  1:32  Drone  
  18  1:42  Extractor  
  17  1:56  Spawning Pool  
  17  1:59  Drone  
  17  2:03  Drone  
  18  2:16  Drone  
  19  2:31  Overlord  
  19  3:02  Unknown, Queen, Zergling x2  
  22  3:11  Drone, Queen, Zergling x2  
  26  3:26  Drone  
  26  3:29  Metabolic Boost  
  27  3:30  Drone  
  28  3:42  Drone x2  
  30  3:55  Baneling Nest  
  29  4:00  Drone x2  
  31  4:15  Drone x2  
  33  4:31  Unknown, Hatchery  
  33  4:34  Zergling x2  
  33  4:36  Drone  
  34  4:48  Overlord, Drone  
  35  4:57  Baneling x2  
  35  4:58  Zergling x2, Baneling  
  35  4:59  Overlord  
  36  5:17  Drone x3  
  36  5:19  Drone  
  40  5:22  Drone  
  40  5:24  Drone  
  42  5:33  Drone  
  42  5:38  Drone  
  44  5:43  Drone x2  
  46  5:51  Roach Warren  
  46  5:59  Extractor  
  44  6:01  Drone x3  
  47  6:11  Unknown  
  47  6:12  Overlord x3, Zergling x2  
Show
View Real Time Build Order
Export as new Build Order

A.I. 1 (Hard) Terran - Winner!

Build Orders:  

Get SALT Encoding   

  6  0:01  SCV  
  13  0:18  SCV  
  14  0:26  Supply Depot  
  14  0:35  SCV  
  15  0:56  SCV  
  15  0:59  Barracks  
  16  1:13  SCV  
  17  1:30  SCV  
  18  1:50  Unknown, Command Center  
  18  2:05  Orbital Command  
  18  2:06  Marine  
  19  2:17  Supply Depot  
  19  2:27  Refinery  
  19  2:31  Marine  
  20  2:40  SCV  
  21  2:50  Barracks  
  21  2:57  Refinery  
  21  2:58  SCV  
  22  3:05  Marine  
  23  3:15  SCV  
  24  3:27  Supply Depot  
  24  3:30  Unknown  
  24  3:31  Barracks Tech Lab  
  24  3:32  SCV  
  25  3:54  Factory  
  25  3:56  Marine  
  26  4:13  SCV  
  26  4:14  Marauder  
  26  4:18  SCV  
  30  4:22  Barracks Tech Lab  
  30  4:30  SCV  
  30  4:33  Refinery  
  30  4:35  SCV  
  32  4:47  Factory  
  32  4:56  Factory Tech Lab  
  32  5:00  Refinery  
  32  5:20  Starport  
  32  5:22  Hellion  
  34  5:32  SCV  
  34  5:34  SCV  
  36  5:40  Starport, Marine  
  36  5:49  Factory Tech Lab  
  37  5:58  Marauder  
  39  6:10  Starport Tech Lab  
  39  6:13  SCV  
  39  6:16  Marauder  
  39  6:18  SCV  
  43  6:30  SCV  
  43  6:33  Starport Tech Lab  
  48  6:43  Supply Depot  
Tags
 
Matchup
TvZ
Spawn Locations
Cross Positions
Add a new tag
Caveats
  • Supply blocks, unpowered buildings, or Contaminate may cause inaccurate times.
  • Supply counts are checked every 10 seconds.